Cogmind - Beta 9.6 @@@ ROGUE MODE // 2020.05.02 @ 11:00:18 Player: alice_fexa Result: Destroyed by as-26292 with Assembled Rifle Performance ------------- Evolutions (0) 0 Regions Visited (2) 400 Robots Destroyed (34) 170 Value Destroyed (486) 486 Prototype IDs (3) 60 Alien Tech Used (0) 0 Bonus (42) 42 TOTAL SCORE: 1158 Bonus ------- Follower Combat Kills 42 Cogmind --------- Core Integrity 0/250 Matter 221/300 Energy 156/160 System Corruption 2% Temperature Cool (336) Movement Treading (200) Ox2 Location -10/Mines Parts ------- > --- POWER (1) -------- Light Nuclear Core > --- PROPULSION (2) --- Light Treads > --- UTILITY (2) ------ Large Storage Unit Large Storage Unit > --- WEAPON (2) ------- Improved Light Cannon Improved Light Cannon > --- INVENTORY (16) --- Light Nuclear Core Light Treads Compact Wheel Compact Wheel Improved Heat Sink Improved Heat Sink Small Storage Unit Light Armor Plating Hacking Suite Small Laser Improved Light Cannon Improved Light Cannon Peak State ------------ > --- POWER ------------ Light Nuclear Core > --- PROPULSION ------- Light Treads Compact Wheel > --- UTILITY ---------- Large Storage Unit Large Storage Unit > --- WEAPON ----------- Improved Light Cannon Improved Light Cannon > --- INVENTORY -------- Light Nuclear Core Light Treads Compact Wheel Compact Wheel Improved Heat Sink Improved Heat Sink Small Storage Unit Light Armor Plating Hacking Suite Small Laser Improved Light Cannon Improved Light Cannon [Rating: 13] Favorites ----------- Power Light Ion Engine Engine Light Ion Engine Power Core Light Nuclear Core Propulsion Light Treads Treads Light Treads Wheel Compact Wheel Utility Small Storage Unit Storage Small Storage Unit Protection Light Armor Plating Weapon Light Assault Rifle Energy Gun EM Pulse Gun Ballistic Gun Light Assault Rifle Ballistic Cannon Improved Light Cannon Build | -11 -10 -10 ------- Run | Scr Mat Min Slots Evolved . | . . . Power . | . . . Propulsion . | . . . Utility . | . . . Weapon . | . . . Parts Attached 32 | 6 22 4 Power 6 | 1 4 1 Engine 5 | 1 4 . Core 1 | . . 1 Reactor . | . . . Propulsion 8 | 2 5 1 Treads 5 | 1 3 1 Leg . | . . . Wheel 3 | 1 2 . Hover . | . . . Flight . | . . . Utility 6 | 1 5 . Device . | . . . Storage 5 | 1 4 . Processor . | . . . Hackware . | . . . Protection 1 | . 1 . Artifact . | . . . Weapon 12 | 2 8 2 Energy Gun 5 | 1 3 1 Energy Cannon . | . . . Ballistic Gun 5 | 1 4 . Ballistic Cannon 2 | . 1 1 Launcher . | . . . Special Weapon . | . . . Impact Weapon . | . . . Slashing Weapon . | . . . Piercing Weapon . | . . . Special Melee Weapon . | . . . Unidentified Prototypes . | . . . Parts Lost 9 | . 4 5 Power 1 | . . 1 Propulsion 3 | . 1 2 Utility . | . . . Weapon 5 | . 3 2 Highest Loss Streak 5 | . 3 5 Average Slot Usage (%) 99 | . 99 99 Engine 13 | . 14 12 Treads 13 | . 14 13 Wheel 13 | . 13 13 Storage 26 | . 25 28 Protection 1 | . 1 . Energy Gun 5 | . 8 . Ballistic Gun 15 | . 16 13 Ballistic Cannon 6 | . 2 14 Naked Turns . | . . . Heaviest Build 40 | 13 40 40 Greatest Support 20 | 16 20 16 Greatest Overweight (x) 2 | . 2 2 Average Overweight (x) . | . . 2 Largest Inventory Capacity 16 | 6 16 16 Average Capacity 11 | 4 9 16 Most Carried 16 | 4 16 16 Average Carried 10 | 2 8 15 Final Capacity 16 | 6 16 16 Final Carried 16 | 4 16 12 Class Distribution -------------------- 100% | Mutant Dominant Class ---------------- Mutant | -10/Materials Mutant | -10/Mines Resources | -11 -10 -10 ----------- Run | Scr Mat Min Matter Collected 641 | 237 305 99 Remotely . | . . . Salvage Created 849 | . 720 129 Parts 49 | . 46 3 Haulers Intercepted 2 | . 2 . Recyclers Shooed 1 | . 1 . Parts Field Recycled . | . . . Retrieved Matter . | . . . Parts Self-Destructed . | . . . Prevented . | . . . Kills | -11 -10 -10 ------- Run | Scr Mat Min Combat Hostiles Destroyed 28 | . 19 9 Guns 21 | . 19 2 Cannons 7 | . . 7 Classes Destroyed 7 | . 6 1 Hauler 2 | . 2 . Recycler 1 | . 1 . Operator 1 | . 1 . Watcher 2 | . 2 . Swarmer 12 | . 12 . Grunt 8 | . 7 1 Assembled 8 | . . 8 Best Kill Streak 8 | . 4 8 Combat Bots Only 8 | . 4 8 Max Kills in Single Turn 1 | . 1 1 Gunslinging . | . . . Exploded . | . . . Melee . | . . . Uniques/NPCs Destroyed . | . . . Combat | -11 -10 -10 -------- Run | Scr Mat Min Damage Taken 1778 | . 986 792 Core 250 | . 95 155 Absorbed by Shields . | . . . Core Remaining (%) 100 | 100 . . Volleys Fired 100 | . 81 19 Largest 2 | . 2 2 Hottest 79 | . 70 79 Shots Fired 194 | . 159 35 Gun 168 | . 158 10 Cannon 26 | . 1 25 Launcher . | . . . Special . | . . . Kinetic 124 | . 94 30 Thermal 22 | . 22 . Explosive . | . . . Electromagnetic 48 | . 43 5 Robot Hit Streak 14 | . 14 13 Robot Miss Streak 4 | . 4 4 Penetration Max . | . . . Secondary Targets 2 | . 2 . Max Gunslinging Chain 1 | . 1 . Shots Hit Robots 119 | . 97 22 Core Hits 56 | . 42 14 Critical Hits 2 | . 2 . Critical Kills 1 | . 1 . Critical Parts Destroyed 1 | . 1 . Melee Attacks . | . . . Impact . | . . . Slashing . | . . . Piercing . | . . . Sneak Attacks . | . . . Combat Hostiles . | . . . Follow-up Attacks . | . . . Damage Inflicted 1510 | . 1072 438 Guns 1111 | . 1012 99 Cannons 338 | . . 338 Explosions 60 | . 60 . Melee . | . . . Ramming 1 | . . 1 Kinetic 789 | . 405 384 Thermal 261 | . 261 . Explosive . | . . . Electromagnetic 459 | . 406 53 Impact . | . . . Slashing . | . . . Piercing . | . . . Highest Corruption 2 | . . 2 Average Corruption 2 | . . 2 Corruption Purged . | . . . Overload Shots . | . . . Overflow Damage 14 | . 14 . Projectiles . | . . . Explosions 14 | . 14 . Melee . | . . . Knockbacks 6 | . . 6 Impact . | . . . Kinetic 4 | . . 4 Secondary 2 | . . 2 Self-Inflicted Damage 30 | . 30 . Shots 1 | . 1 . Rammed 1 | . . 1 Targets Rammed 1 | . . 1 Kicked . | . . . Crushed . | . . . Highest Temperature 370 | . 226 370 Average Temperature 76 | . 60 138 Received Heat Transfer 527 | . 267 260 Effects 1 | . . 1 Shutdowns 1 | . . 1 Siege Activations . | . . . Robots Corrupted . | . . . Combat Hostiles . | . . . Parts Fried 1 | . 1 . Impact Corruptions . | . . . Robots Melted . | . . . Combat Hostiles . | . . . Parts Melted 2 | . 2 . Heat Transferred 742 | . 742 . Parts Sabotaged . | . . . Parts Stolen . | . . . Parts Stripped . | . . . Power Chain Reactions 2 | . 2 . Missiles Intercepted . | . . . Alert | -11 -10 -10 ------- Run | Scr Mat Min Peak Influence 269 | . 269 145 Average Influence 95 | . 116 56 Maximum Alert Level 1 | . 1 . Low Security (%) 84 | 100 77 100 Level 1 15 | . 22 . Level 2 . | . . . Level 3 . | . . . Level 4 . | . . . Level 5 . | . . . High Security . | . . . Max Security . | . . . Squads Dispatched 1 | . 1 . Investigation 1 | . 1 . Extermination . | . . . Reinforcement . | . . . Assault . | . . . Garrison . | . . . Intercept . | . . . Construction Impeded . | . . . Haulers Reinforced . | . . . Stealth | -11 -10 -10 --------- Run | Scr Mat Min Distress Signals . | . . . Communications Jammed . | . . . Distress Signals . | . . . Times Spotted 49 | . 31 18 Peak Tracking Total 15 | . 5 15 Tactical Retreats 2 | . 1 1 Traps | -11 -10 -10 ------- Run | Scr Mat Min Traps Triggered 1 | . 1 . Indirectly . | . . . Trap Hack Attempts . | . . . Triggered . | . . . Disarmed . | . . . Reprogrammed . | . . . Reused . | . . . Traps Extracted . | . . . Installed . | . . . Triggered 1 | . . 1 Machines | -11 -10 -10 ---------- Run | Scr Mat Min Machines Disabled 1 | . 1 . Max in Single Turn 1 | . 1 . Machines Sabotaged . | . . . Garrisons Compromised . | . . . Overloaded Fab Kills . | . . . Fab Network Shutdowns . | . . . Hacking | -11 -10 -10 --------- Run | Scr Mat Min Machines Accessed 10 | . 10 . Terminals 8 | . 8 . Fabricators . | . . . Repair Stations . | . . . Recycling Units 2 | . 2 . Scanalyzers . | . . . Garrison Access . | . . . Total Hacks 37 | . 37 . Successful 19 | . 19 . Failed 18 | . 18 . Catastrophic 1 | . 1 . Database Lockouts . | . . . Manual 22 | . 22 . Terminals 35 | . 35 . Fabricators . | . . . Repair Stations . | . . . Recycling Units 2 | . 2 . Scanalyzers . | . . . Garrison Access . | . . . Terminal Hacks 11 | . 11 . Prototype ID Bank 2 | . 2 . Alert Level 1 | . 1 . Unreport Threat 2 | . 2 . Locate Traps 4 | . 4 . Hauler Manifests 1 | . 1 . Zone Layout 1 | . 1 . Fabricator Hacks . | . . . Repair Station Hacks . | . . . Recycling Unit Hacks 2 | . 2 . Report Inventory 1 | . 1 . Retrieve Components 1 | . 1 . Scanalyzer . | . . . Garrison Access Hacks . | . . . Unauthorized Hacks 6 | . 6 . Terminals 6 | . 6 . Track 1 | . 1 . Botnet 3 | . 3 . Disrupt 1 | . 1 . Operators 1 | . 1 . Fabricators . | . . . Repair Stations . | . . . Recycling Units . | . . . Scanalyzers . | . . . Garrison Access . | . . . Data Cores Recovered 1 | . 1 . Used . | . . . Hacking Detections 8 | . 8 . Full Trace Events . | . . . Feedback Events . | . . . Feedback Blocked . | . . . Robot Schematics Acquired . | . . . Robots Built . | . . . Matter . | . . . Time . | . . . Total Robot Build Rating . | . . . Part Schematics Acquired . | . . . Parts Built . | . . . Matter . | . . . Time . | . . . Total Part Build Rating . | . . . Parts Repaired . | . . . Time . | . . . Parts Recycled . | . . . Recycled Matter . | . . . Retrieved Matter . | . . . Retrieved Components 10 | . 10 . Parts Scanalyzed . | . . . Part Schematics Acquired . | . . . Parts Damaged . | . . . Bothacking | -11 -10 -10 ------------ Run | Scr Mat Min Used RIF Installer . | . . . Robots Hacked . | . . . Non-combat . | . . . Combat . | . . . Robot Hacks Applied . | . . . Relay Couplers Released . | . . . Robots Rewired . | . . . Allies Hacked . | . . . Hacks Repelled . | . . . Allies | -11 -10 -10 -------- Run | Scr Mat Min Total Allies 2 | . . 2 Largest Group 2 | . . 2 Highest-Rated Group 46 | . . 46 Highest-Rated Ally 31 | . . 31 Total Orders . | . . . Ally Attacks 11 | . . 11 Total Damage 167 | . . 167 Kills 3 | . . 3 Allies Corrupted . | . . . Allies Melted . | . . . Intel | -11 -10 -10 ------- Run | Scr Mat Min Robot Analysis Total . | . . . Derelict Logs Recovered . | . . . Drone Launches . | . . . Drone Recoveries . | . . . Exploration | -11 -10 -10 ------------- Run | Scr Mat Min Turns Passed 2096 | 47 1405 644 Spaces Moved 1364 | 35 861 468 Core 1 | 1 . . Treads 93 | . 93 . Legs . | . . . Wheels 1270 | 34 768 468 Hover . | . . . Flight . | . . . Fastest Speed 50 | 50 100 120 Average Speed 113 | 98 111 120 Slowest Speed 160 | 100 160 120 Overloaded Moves . | . . . Propulsion Burnouts . | . . . Robots Hopped . | . . . Cave-ins Triggered . | . . . Exploration Rate (%) 59 | 3 98 76 Regions Visited 2 Branch Regions 1 Pre-discovered Areas . | . . . Known Exits Taken . | . . . Unknown Exits Taken 2 | 1 1 . Scrap Searched 2 | . . 2 Spaces Dug . | . . . Terrain Destroyed 9 | . 7 2 Melee . | . . . Projectile 2 | . . 2 AOE 7 | . 7 . Actions | -11 -10 -10 --------- Run | Scr Mat Min Total 1739 | 44 1177 518 Wait 189 | . 165 24 Move 1362 | 34 860 468 Hop . | . . . Pick Up 30 | 4 25 1 Fast Attach 10 | 6 4 . Attach 8 | . 4 4 Detach 1 | . 1 . Swap 14 | . 14 . Drop 24 | . 23 1 Fire 100 | . 81 19 Melee . | . . . Ram . | . . . Kick . | . . . Crush 1 | . . 1 Escape Stasis . | . . . Rewire . | . . . Trap . | . . . Miscellaneous . | . . . Route ------- -11/Scrapyard -10/Materials (discovered 4 exits: [*Mat x3] / [*Min]) -10/Mines History --------- Turn | Location | Event 27 | -11/Scrapyard | Discovered new exit (range 15) 48 | -11/Scrapyard | Entered Materials 305 | -10/Materials | Build established: Mutant 332 | -10/Materials | Lost 3 parts (1n2w) 355 | -10/Materials | Discovered new exit (range 9) 453 | -10/Materials | Discovered new exit (range 11) 960 | -10/Materials | Discovered new exit (range 4) 1285 | -10/Materials | Discovered new exit (range 16) 1453 | -10/Materials | Entered Mines 2007 | -10/Mines | Assembled infested the area 2046 | -10/Mines | Core integrity fell below 50% 2074 | -10/Mines | Core integrity fell below 20% 2097 | -10/Mines | Destroyed by as-26292 with Assembled Rifle Last Messages --------------- 02066_ as-74920 destroyed. 02067_ K-01 Serf destroyed. 02070_ EM Pulse Gun destroyed. 02072_ as-43607 destroyed. 02073_ Acquired 9 matter. 02073_ R-06 Scavenger suffers critical hit. 02073_ R-06 Scavenger destroyed. 02074_ as-26105 destroyed. 02076_ as-76081 destroyed. 02077_ Acquired 4 matter. 02079_ as-25205 destroyed. 02079_ as-11970 knocked back. 02080_ Acquired 9 matter. 02082_ as-02550 destroyed. 02085_ as-52559 knocked back. 02086_ Com. Wheel destroyed. 02088_ as-52559 knocked back. 02088_ U-05 Engineer lays Concrete. 02095_ Slammed into as-11970. 02097_ Power failure, Lgt. Nuclear Core shutdown. Map ----- +----------------------------------------------------+ | ??????????????????????## ######?? | | ?????????????????????## ## ##? | | ??????????????????#### ## | | ?????????????????## | | ?????????????????# ### | | ????????????????## #### | | ???????????????## | | ??????????????## | | ??????????????# ##### | | ??????????????## ###???# | | ???????????????# ## ##?????## | | ???????????????# ?## #???????? | | ???????####????#???# #???????? | | ??????## #????# ??## ##???????? | | ?????## ##???#!##### ##????????? | | ????## ????#! !* #?????????? | | ????# #????####### #?????????? | | ???## ############# #?????????? | | ??## #?????????? | | ??# # #?????????? | | ??# # # ###""######?????????? | | ??# # #?####??????????????? | | ??## # ## # #???????????????????? | | ???# ## #???????????????????? | | ???# ######### #?????????????????? | | ???# %%a@; #??????????????????? | | ???# ####aa####??????????????????? | | ???# #??;a##?????????????########? | | ???# ####a######??????#### ## | | ???# !%%## ##?????# # | | ???# != ##????# # | | ???#### = ##???# # | | ??????## ##???# # | | ???????### ##???# | | ?????????## ##### | | ?????????## ## | | ?????????# ## """ # | | ?????????# #### """ # | | ?????????# ##?## """ ! | | ?????????## #??## % | | ??????????## #??##### = | | ???????????### #?????## # | | ?????????????## #??????######## | | ??????????????# #?????????????? | | ???????????????# ##?????????????? | | ????????????????###??????????????? | | ?????????????????????????????????? | | | | | | | +----------------------------------------------------+ Best States ------------- Heat Dissipation 25 Energy Generation 14 Energy Capacity 250 Matter Stores 300 Matter Capacity 300 Sight Range 16 Terrain Scan Density 10 Armor Coverage 150 Evasion (%) 40 Recoil Reduction 1 Item Schematics ----------------- None Robot Schematics ------------------ None Fabricated ------------ Nothing Alien Tech Used ----------------- None Achievements -------------- None Challenges ------------ None Game ------ Seed MassDerelictInverter Manual? 0 Play Time 00:12:44 Cumulative 819.7 hours Start 2020.05.02 @ 10:47:26 End 2020.05.02 @ 11:00:18 Sessions 1 Manual Loads 0 Difficulty Rogue Special Mode None Game No. 691 Rogue 651 Adventurer 40 Explorer 0 Win Type - Total 81 Types 52/2/19/2/1/2/3 Lore% 93 Gallery% 96 Achievement% 78 Wizard Run 0 Options --------- ASCII 0 Keyboard 0 Movement Numpad Keybinds 0 Fullscreen 0 Font 16/Terminus Map View 76x50 Tactical HUD 1 Map Filters NONE Filters NONE Steam 1 RUN: ece0cd85-8f19-4a16-b15d-a23a3f513303